 Dungeon Crawl Stone Soup version 0.29-a0-723-gce39da1c22 (webtiles) character file.

Game seed: 4832301486077927699

441 zeratav the Skirmisher (level 6, 30/30 HPs)
             Began as a Spriggan Hunter on June 28, 2022.
             Was a Follower of Dithmenos.
             Quit the game on level 4 of the Dungeon.
             The game lasted 00:10:21 (3554 turns).

zeratav the Skirmisher (Spriggan Hunter)            Turns: 3554, Time: 00:10:22

Health: 30/30      AC:  3    Str:  7    XL:     6   Next: 70%
Magic:  7/7        EV: 18    Int: 10    God:    Dithmenos [*.....]
Gold:   696        SH:  0    Dex: 21    Spells: 5/5 levels left

rFire   . . .      SeeInvis +   (weapon restricted)
rCold   . . .      Faith    .   (no shield)
rNeg    . . .      Spirit   .   c - +0 robe
rPois   .          Reflect  .   i - +1 hat
rElec   .          Harm     .   (no cloak)
rCorr   .          Rampage  .   (gloves unavailable)
Will    +....                   (boots unavailable)
Stlth   +++.......              l - amulet of regeneration {@e2}
HPRegen 0.90/turn               (no ring)
MPRegen 0.10/turn               (no ring)

@: wreathed by umbra, very quick
A: very small, no large weapons, unfitting armour, see invisible, speed 3
a: Renounce Religion


You were on level 4 of the Dungeon.
You worshipped Dithmenos.
Dithmenos was aware of your devotion.
You visited 1 branch of the dungeon, and saw 5 of its levels.

You collected 696 gold pieces.


Innate Abilities, Weirdness & Mutations

You are very small and have problems with some larger weapons.
You are too small for most types of armour.
You have supernaturally acute eyesight. (SInv)
You cover ground extremely quickly. (Speed+++)


   Skills:
 - Level 1.5 Fighting
 + Level 9.7 Ranged Weapons
 - Level 2.6 Dodging
 - Level 1.5 Stealth


You had 5 spell levels left.
You didn't know any spells.
Your spell library contained the following spells:

 Spells                   Type           Power      Damage    Failure   Level
 Foxfire                  Conj/Fire      0%         2x1d4     36%         1
 Conjure Flame            Conj/Fire      0%         6-21      75%         3
 Inner Flame              Hex/Fire       0%         N/A       75%         3
 Stone Arrow              Conj/Erth      0%         3d7       75%         3
 Animate Armour           Summ/Erth      0%         N/A       98%         4
 Flame Wave               Conj/Fire      0%         2d4       98%         4
 Lehudib's Crystal Spear  Conj/Erth      0%         10d2      100%        8

Inventory:

Hand Weapons
 b - a +0 shortbow {bow}
 n - the +9 hand axe "Xuomoudgh" {protect, rCorr, axe}
   (You found it on level 2 of the Dungeon)

   It grants its wielder temporary protection when it strikes (+7 to AC).
   rCorr:     It protects you from acid and corrosion.
Armour
 c - a +0 robe (worn)
 i - a +1 hat (worn)
   (You found it on level 1 of the Dungeon)
 j - an orb of guile
   (You found it on level 1 of the Dungeon)
Jewellery
 l - an amulet of regeneration (around neck) {@e2}
   (You found it on level 1 of the Dungeon)
Wands
 x - a wand of paralysis (5)
   (You found it on level 4 of the Dungeon)
Scrolls
 d - 4 scrolls of poison {!r}
 g - 2 scrolls of enchant weapon
 m - a scroll of fog {unknown}
 p - a scroll of blinking {unknown}
 t - 2 scrolls of magic mapping {!r}
 v - a scroll of vulnerability {unknown}
Potions
 e - 2 potions of degeneration {unknown}
 o - 2 potions of heal wounds {unknown}
 r - a potion of ambrosia {unknown}
 s - a potion of might {unknown}
 u - a potion of curing {unknown}
 w - a potion of mutation {unknown}

Dungeon Overview and Level Annotations

Branches:
Dungeon (5/15) Zot: 26783
 Temple: D:4-7

Altars:
Dithmenos
Elyvilon
Hepliaklqana
Nemelex Xobeh
Vehumet
Wu Jian
The Shining One

..###...###...## #..# ###........
...#.###.#.....####.# #......<.
..#...#...#...#.# #.# ##..<....
###...#...#####.# #.#######.....#
..#...#†..#...#.# #......########
...#.###.#.....#########.### #..
..###...###...##..##...#...####..
##...##....###..........##÷......
.........##.....@........#####...
####...♣♣........................
#.♣♣..###P............#####...
#.♣...# #.≈≈P...>....## ####
#...P.# #.≈≈...##...## #...###
#.P.P.####### ##### ###...# #####


There were no monsters in sight!


Message History

The orc hits you with a +0 dagger.
HP[-3]
You take 3 damage, and now have 27/30 hp.
You closely miss the orc. You hit the orc but do no damage. The orc misses you.
The orc completely misses you.
A sky beast comes into view.
The orc priest looks encouraged for a moment.
HP[+1]
You hit the orc. x2; The orc closely misses you.
The orc misses you.
The sky beast flickers out of sight for a moment.
The orc priest calls down the wrath of Beogh upon you.
Beogh smites you!
HP[-11]
You take 11 damage, and now have 17/30 hp.
MASSIVE DAMAGE!! (PAUSE)
You closely miss the orc. You hit the orc. The orc closely misses you.
The orc barely misses you. The orc completely misses you.
The orc closely misses you.
HP[+1]
You slash the orc!
You kill the orc!
Dithmenos accepts your kill.
You hit the orc.
You kill the orc!
Dithmenos accepts your kill.
HP[+1]
Items here: $ ) [ †.
You see here a +0 shortbow {bow}.
HP[+1]
b - a +0 shortbow {bow} The sky beast hits you but does no damage.
HP[+1]
You see here a +0 flail {mace}.
Things that are here:
a +0 mace {mace}; a +0 leather armour; HP[+1] HP[+1] HP[+1] HP[+1] HP[+1]
Things that are here:
a +0 hand axe {axe}; a +4 whip {mace} HP[+1] HP[+1] HP[+1] HP[+1]
Your hp is fully restored (30).
Things that are here:
a +0 short sword {short}; a +0 leather armour; an orc corpse
There is a stone staircase leading up here.
You climb upwards.
There is a stone staircase leading down here.
The +9 hand axe "Xuomoudgh" {protect, rCorr, axe} goes still.
b - a +0 shortbow (weapon)
{bow} Saving game... please wait. 🤖 Initializing magus.rc ...
Bad channel name for runrest: 'pray:' ✅ Successfully initialized magus.rc [v1.9.6] Welcome back, zeratav the Spriggan Hunter.
Dithmenos says: Spread the eternal night.
Press ? for a list of commands and other information.
Fire: b) +0 shortbow {bow}
Press: ? - help, Q - select action, (/) - cycle Shift-Dir - straight line You shoot a +0 shortbow {bow}.
You are now empty-handed.
b - a +0 shortbow {bow} Saving game... please wait. 🤖 Initializing magus.rc ...
Bad channel name for runrest: 'pray:' ✅ Successfully initialized magus.rc [v1.9.6] Welcome back, zeratav the Spriggan Hunter.
Dithmenos says: Spread the eternal night.
Press ? for a list of commands and other information.
Really attack while wielding nothing? [Y]es or [N]o only, please.
Really attack while wielding nothing? [Y]es or [N]o only, please.
Really attack while wielding nothing?
Okay, then.
b - a +0 shortbow (weapon)
{bow} Fire: b) +0 shortbow {bow}
Press: ? - help, Shift-Dir - straight line You shoot a +0 shortbow {bow}.
You are now empty-handed.
b - a +0 shortbow {bow} Saving game... please wait. 🤖 Initializing magus.rc ...
Bad channel name for runrest: 'pray:' ✅ Successfully initialized magus.rc [v1.9.6] Welcome back, zeratav the Spriggan Hunter.
Dithmenos says: Spread the eternal night.
Press ? for a list of commands and other information.
Really attack while wielding nothing? [Y]es or [N]o only, please.
Really attack while wielding nothing?
Okay, then.
Okay, then.
b - a +0 shortbow (weapon)
{bow} Fire: b) +0 shortbow {bow}
Press: ? - help, Shift-Dir - straight line You shoot a +0 shortbow {bow}.
You are now empty-handed.
b - a +0 shortbow {bow} Are you sure you want to abandon this character and quit the game? (Confirm with "yes".)

Skill      XL: |  1  2  3  4  5  6 |
---------------+-------------------+-----
Ranged Weapons | 5 6 7 8 9 |  9.7
Fighting       | |  1.5
Dodging        | |  2.6
Stealth        | |  1.5

Action                   |  1- 3 |  4- 6 || total
-------------------------+-------+-------++-------
Melee: Hand axe          |       |    12 ||    12
 Fire: Shortbow          |    79 |   149 ||   228
  Use: Scroll            |     1 |     7 ||     8
Armor: Robe              |     2 |     8 ||    10
Dodge: Dodged            |     8 |    63 ||    71

Levels and vault maps discovered:
D:1:      minmay_arrival_shattered_statue, layout_basic,
          hellmonk_ecumenical_altar_pennies_from_heaven
D:2:      layout_loops_corners, uniq_natasha
D:3:      kennysheep_six_static_rooms, layout_rooms,
          mainiacjoe_overflow_chevrons, mainiacjoe_overflow_paths,
          minmay_misc_feat_ornament
D:4:      nicolae_cairo_tiling, layout_rooms, general_overflow_altar,
          chequers_temple_overflow_minitemple, serial_demonic, serial_demonic_d,
          serial_demonic_g, serial_demonic_c, serial_demonic_d, serial_demonic_g
D:5:      layout_loops_cross, lemuel_crystal_altar, minmay_temple_entry_grid,
          st_stairs_2, minmay_shop_mass, minmay_crossroads

Notes
Turn   | Place    | Note
-------+----------+-------------------------------------------
     0 | D:1      | zeratav the Spriggan Hunter began the quest for the Orb.
     0 | D:1      | Reached XP level 1. HP: 10/10 MP: 2/2
     0 | D:1      | magus.rc [v1.9.6]
    83 | D:1      | Reached skill level 5 in Ranged Weapons
   198 | D:1      | Found a faded altar of an unknown god.
   394 | D:1      | Reached XP level 2. HP: 14/14 MP: 3/3
   610 | D:1      | You pick up a book of Armaments and begin reading...
   610 | D:1      | You add the spells Stone Arrow, Animate Armour and
                  | Lehudib's Crystal Spear to your library.
   631 | D:1      | You pick up a book of Flames and begin reading...
   631 | D:1      | You add the spells Foxfire, Conjure Flame, Inner Flame and
                  | Flame Wave to your library.
  1136 | D:2      | Reached skill level 6 in Ranged Weapons
  1136 | D:2      | Reached XP level 3. HP: 18/18 MP: 4/4
  1444 | D:2      | Identified the +9 hand axe "Xuomoudgh" {protect, rCorr}
  1738 | D:2      | Noticed Natasha
  1750 | D:2      | Killed Natasha
  1751 | D:2      | Reached skill level 7 in Ranged Weapons
  1751 | D:2      | Reached XP level 4. HP: 21/22 MP: 5/5
  2069 | D:3      | Found a shadowy altar of Dithmenos.
  2144 | D:3      | Found a hazy altar of Hepliaklqana.
  2178 | D:3      | Became a worshipper of Dithmenos the Shadowed
  2511 | D:4      | Noticed a scorpion
  2526 | D:4      | Reached XP level 5. HP: 14/25 MP: 6/6
  2554 | D:4      | Reached skill level 8 in Ranged Weapons
  2563 | D:4      | Found a white marble altar of Elyvilon.
  2750 | D:4      | Reached * piety under Dithmenos
  2842 | D:4      | HP: 4/25 [white imp/puff of frost (13)]
  3023 | D:4      | HP: 6/25 [white imp (4)]
  3085 | D:4      | Reached XP level 6. HP: 30/30 MP: 7/7
  3130 | D:4      | Found an ornate altar of the Wu Jian Council.
  3130 | D:4      | Found a radiant altar of Vehumet.
  3138 | D:4      | Found a faded altar of an unknown god.
  3140 | D:4      | Found a sparkling altar of Nemelex Xobeh.
  3142 | D:4      | Found a faded altar of an unknown god.
  3250 | D:5      | Entered Level 5 of the Dungeon
  3344 | D:5      | Reached skill level 9 in Ranged Weapons
  3344 | D:5      | Upgraded the game from 0.29-a0-721-g7f417c9bbb to
                  | 0.29-a0-723-gce39da1c22
  3344 | D:5      | magus.rc [v1.9.6]
  3359 | D:5      | Found a glowing golden altar of the Shining One.
  3378 | D:5      | Identified a scroll of acquirement
  3445 | D:5      | Acquired 452 gold pieces
  3484 | D:5      | Noticed a sky beast
  3528 | D:4      | magus.rc [v1.9.6]
  3534 | D:4      | magus.rc [v1.9.6]
  3544 | D:4      | magus.rc [v1.9.6]
  3554 | D:4      | Quit the game

Vanquished Creatures
  A scorpion (D:4)
  A hound (D:5)
  3 orc priests (D:5)
  Natasha (D:2)
  A gnoll (D:3)
  3 adders (D:2)
  4 shadow imps (D:4)
  3 white imps (D:4)
  2 ufetubi (D:4)
  A worm (D:3)
  2 dart slugs (D:4)
  15 orcs
  5 endoplasms
  2 giant cockroaches
  4 goblins
  10 hobgoblins
  7 jackals
  7 kobolds
  7 quokkas
  2 ball pythons
  3 bats
  4 frilled lizards
  3 rats
91 creatures vanquished.

Vanquished Creatures (collateral kills)
  An orc wizard (D:5)
1 creature vanquished.

Vanquished Creatures (others)
  2 demonic plants (D:4)
2 creatures vanquished.

Grand Total: 94 creatures vanquished

Table legend:
 A = Non-vault XP
 B = Vault XP
 C = Vault XP percentage of total XP
 D = Non-vault monster count
 E = Vault monster count
 F = Vault count percentage of total count
                 A         B        C        D         E       F
            +---------+---------+-------+---------+---------+-------
      Total |     477 |     153 |  24.3 |      76 |      16 |  17.4
            +---------+---------+-------+---------+---------+-------
        D:1 |      25 |       0 |   0.0 |      16 |       0 |   0.0
        D:2 |      64 |      37 |  36.6 |      17 |       1 |   5.6
        D:3 |      23 |      25 |  52.1 |      12 |       6 |  33.3
        D:4 |     134 |      91 |  40.4 |      18 |       9 |  33.3
        D:5 |     231 |       0 |   0.0 |      13 |       0 |   0.0
            +---------+---------+-------+---------+---------+-------

Illustrated notes

Table legend:
 A = Kills in this place as a percentage of kills in entire the game.
 B = Kills by you in this place as a percentage of kills by you in the entire game.
 C = Kills by friends in this place as a percentage of kills by friends in the entire game.
 D = Other kills in this place as a percentage of other kills in the entire game.
 E = Experience gained in this place as a percentage of experience gained in the entire game.
 F = Experience gained in this place divided by the number of levels of this place that you have seen.
                   A       B       C       D       E      F
               +-------+-------+-------+-------+-------+----------------------
         Total | 100.0 | 100.0 | 100.0 |   N/A | 100.0 | 126.0
       Dungeon | 100.0 | 100.0 | 100.0 |   N/A | 100.0 | 126.0
               +-------+-------+-------+-------+-------+----------------------

Table legend: (Time is in decaauts)
 A = Elapsed time spent in this place.
 B = Non-inter-level travel time spent in this place.
 C = Inter-level travel time spent in this place.
 D = Time resting spent in this place.
 E = Time spent auto-exploring this place.
 F = Levels seen in this place.
 G = Mean time per level.
                   A        B        C        D        E       F      G
               +--------+--------+--------+--------+--------+-----+--------+
         Total |   2380 |   2262 |    118 |    138 |   1574 |   5 |  476.0 |
       Dungeon |   2380 |   2262 |    118 |    138 |   1574 |   5 |  476.0 |
               +--------+--------+--------+--------+--------+-----+--------+

Top non-repeatable levels by time:
     D:2: 645 daAuts
     D:1: 587 daAuts
     D:4: 581 daAuts
     D:3: 383 daAuts
     D:5: 181 daAuts
